 Dungeon Crawl Stone Soup version 0.14-a0-1254-g249fea6 (webtiles) character file.

20 Jenx the Caller (level 2, 0/19 HPs)
             Began as a Mummy Summoner on Dec 2, 2013.
             Slain by a bat (1 damage)
             ... on Level 2 of the Dungeon.
             The game lasted 00:03:47 (984 turns).

Jenx the Caller (Mummy Summoner)                     Turns: 984, Time: 00:03:47

HP   0/19        AC  3     Str 11      XL: 2   Next: 58%
MP   0/4         EV 12     Int 14      God:
Gold 0           SH  0     Dex 12      Spells:  2 memorised,  2 levels left

rFire  x . .     SeeInvis .     d - +2,+0 spear
rCold  + . .     Clarity  .     a - +0 robe
rNeg   + + +     Conserve .     (no shield)
rPois  +         rCorr    .     (no helmet)
rElec  .         rRot     +     h - +0 cloak
SustAb . .       Spirit   .     (no gloves)
rMut   .         Warding  .     (no boots)
Saprov . . .     Stasis   .     (no amulet)
                                (no ring)
                                (no ring)

@: slightly resistant to hostile enchantments, unstealthy
A: no food or potions, fire vulnerability, restore body, cold resistance 1, life
protection 3, poison resistance, torment resistance, unbreathing
a: no special abilities


You were on level 2 of the Dungeon.
You were not hungry.

You visited 1 branch of the dungeon, and saw 2 of its levels.

Inventory:

Hand weapons
 d - a +2,+0 spear (weapon)
Missiles
 e - 12 bolts of penetration
 j - 28 darts (quivered)
Armour
 a - a +0 robe (worn)
 h - a +0 cloak (worn)
Scrolls
 c - a scroll of identify
 f - a scroll of enchant armour {unknown}
 g - a scroll of amnesia {unknown}
 i - a scroll of teleportation {unknown}
 k - a scroll of noise {unknown}
 l - a scroll of magic mapping {unknown}
Books
 b - a book of Callings

   Spells                             Type                      Level
   *Summon Small Mammal               Summoning                    1
   *Call Imp                          Summoning                    2
   Call Canine Familiar               Summoning                    3
   Summon Scorpions                   Summoning/Poison             4
   Summon Ice Beast                   Ice/Summoning                4


   Skills:
 - Level 1.5 Dodging
 - Level 1.5 Stealth
 - Level 2.0 Spellcasting
 * Level 3.9 Summonings


You had 2 spell levels left.
You knew the following spells:

 Your Spells              Type           Power        Failure   Level  Hunger
a - Summon Small Mammal   Summ           ##..         6%          1    N/A
b - Call Imp              Summ           ##........   10%         2    N/A

Dungeon Overview and Level Annotations

Branches:
Dungeon (2/16)

Altars:


Innate Abilities, Weirdness & Mutations

You do not eat or drink.
Your flesh is vulnerable to fire.
Your flesh is cold resistant.
You are immune to negative energy.
Your system is resistant to poisons.
You are immune to unholy pain and torment.
You can survive without breathing.


Message History

The adder barely misses your crimson imp.
The bat hits you.
* * * LOW HITPOINT WARNING * * *
The bat hits you.
* * * LOW HITPOINT WARNING * * *
Your crimson imp hits the adder.
The adder closely misses your crimson imp.
Your crimson imp misses the adder.
Found a stone staircase leading up.
Casting: Call Imp
Confirm with . or Enter, or press ? or * to list all spells.
You don't have enough magic to cast that spell.
A hobgoblin comes into view.
The bat closely misses you.
The adder closely misses your crimson imp.
Your crimson imp barely misses the adder.
Your crimson imp misses the adder.
Your crimson imp hits the hobgoblin.
A bat comes into view.
The bat hits you.
You die...

#.# .####
######(####........#
......... ..?......#
#.......# #........#
#.......###........###
#...........?.g......<
#<......# #..5.....#
#.......#####.gb...###.##
...%.....5S5....@........
#%......#####.##.#####.##
#.......# #.##g#
######### #.##.. #.#....
#.#b.... #.#......
#.#..... #.#...


You could see an adder, 2 hobgoblins, a goblin, 2 bats and 3 friendly crimson
imps.

Vanquished Creatures
  3 goblins (D:1)
  A kobold (D:1)
  6 bats (D:1)
  A giant cockroach (D:1)
  3 rats (D:1)
14 creatures vanquished.

Vanquished Creatures (collateral kills)
  A hobgoblin (D:1)
  2 kobolds (D:1)
  A ball python (D:2)
  A giant newt (D:1)
  A goblin (D:1)
  2 rats (D:2)
8 creatures vanquished.

Vanquished Creatures (others)
  A bat (D:1)
  A rat (D:1)
2 creatures vanquished.

Grand Total: 24 creatures vanquished

Notes
Turn   | Place    | Note
--------------------------------------------------------------
     0 | D:1      | Jenx, the Mummy Summoner, began the quest for the Orb.
     0 | D:1      | Reached XP level 1. HP: 13/13 MP: 3/3
   276 | D:1      | Reached XP level 2. HP: 16/19 MP: 4/4
   293 | D:1      | Learned a level 2 spell: Call Imp
   984 | D:2      | Slain by a bat

Action                   || total
-------------------------++-------
Melee: Spear             ||    54
Throw: Dart              ||    12
 Cast: Summon Small Mamm ||     9
       Call Imp          ||     9
  Use: Scroll            ||     1
